Map: 潜水艇-天梯版

Players

TIME (Oliveira) - Winner!

  • Race: Terran Terran

Cyan

  • Race: Protoss Protoss
  • League: Master

Event: DreamHack SC2 Masters 2020 Winter

VOD

Have the link to the VOD?

Description

Time

  • Played on: Oct. 30, 2020, 9:11 a.m.
  • Length: 12:06

All games in this series

Show
View Real Time Build Order
Export as new Build Order

TIME Terran - Winner!

Build Orders:  

Get SALT Encoding   

  12  0:00  SCV  
  13  0:12  SCV  
  14  0:17  Supply Depot  
  14  0:24  SCV  
  15  0:39  SCV  
  15  0:40  Barracks  
  16  0:43  Refinery  
  16  0:51  SCV  
  17  1:03  SCV  
  18  1:15  SCV  
  19  1:27  SCV, Reaper  
  21  1:33  Command Center  
  21  1:45  Orbital Command  
  21  1:54  Supply Depot  
  21  2:00  Marine  
  22  2:08  Factory  
  22  2:12  SCV  
  22  2:18  Refinery  
  22  2:21  Barracks Reactor  
  22  2:24  SCV  
  23  2:34  Barracks  
  23  2:36  SCV  
  24  2:48  SCV  
  25  2:52  Factory Tech Lab  
  25  2:53  Orbital Command  
  25  2:58  Marine  
  25  3:00  Marine, SCV  
  28  3:12  Cyclone  
  31  3:15  SCV  
  31  3:19  SCV  
  32  3:20  Marine x2  
  32  3:23  Barracks Tech Lab  
  34  3:28  SCV  
  34  3:31  SCV  
  36  3:39  Marine  
  36  3:40  Supply Depot  
  37  3:41  Marine  
  37  3:43  SCV  
  37  3:44  Siege Tank  
  41  3:49  Stimpack  
  41  3:51  Marine  
  41  3:54  SCV  
  40  3:57  Marine, SCV  
  40  3:59  Marine  
  43  4:03  Starport  
  43  4:07  SCV  
  43  4:09  Marine  
  45  4:12  Bunker  
  45  4:14  SCV  
  45  4:15  Marine  
  47  4:20  SCV  
  47  4:24  Engineering Bay  
  49  4:26  Siege Tank  
  49  4:28  SCV  
  49  4:31  Supply Depot  
  52  4:34  SCV  
  52  4:35  Marine  
  54  4:42  Marine  
  54  4:48  Refinery  
  54  4:52  Medivac, SCV x2  
  58  4:54  Supply Depot  
  58  4:55  Supply Depot  
  58  4:57  Reaper  
  59  5:01  Marine  
  59  5:04  SCV  
  59  5:05  Marine  
  60  5:11  SCV  
  60  5:13  Terran Infantry Weapons Level 1  
  59  5:16  SCV  
  59  5:19  Marine  
  61  5:23  Marine, SCV  
  63  5:29  SCV, Siege Tank, Marine  
  63  5:30  Barracks  
  68  5:37  Starport Reactor  
  68  5:39  SCV  
  69  5:43  SCV  
  69  5:45  Refinery  
  69  5:46  Supply Depot  
  69  5:47  Supply Depot  
  70  5:50  Combat Shield  
  70  6:05  Marine x2  
  70  6:06  SCV  
  66  6:16  Marauder  
  66  6:17  Siege Tank  
  70  6:19  SCV  
  70  6:20  Marine, Viking  
  70  6:21  Viking  
  70  6:22  SCV  
  70  6:23  Marine  
  78  6:34  Marine  
  78  6:35  SCV, Command Center  
  78  6:36  SCV  
  80  6:40  Marine  
  80  6:43  Barracks Tech Lab  
  81  6:49  Supply Depot  
  80  6:54  SCV  
  80  6:57  Medivac  
  80  6:58  Marauder, Medivac  
  84  7:03  Marauder  
  84  7:05  SCV  
  82  7:09  Marine x2  
  82  7:11  SCV  
  85  7:16  Siege Tank  
  85  7:17  SCV  
  85  7:19  Marauder  
  91  7:24  Concussive Shells, SCV  
  91  7:25  Marauder  
  91  7:26  Terran Infantry Armor Level 1  
  94  7:39  Supply Depot x2  
  94  7:43  Marine, SCV  
  94  7:44  Marine  
  94  7:45  Marauder  
  94  7:48  Marine  
  94  7:49  Siege Tank  
  93  7:55  Medivac  
  93  7:56  SCV  
  96  8:01  Marine  
  97  8:09  Marine  
  97  8:10  Marauder  
  85  8:15  Marauder, Viking  
  85  8:16  SCV x2  
  85  8:17  Orbital Command  
  89  8:21  Marine  
  89  8:22  Barracks x2  
  89  8:25  Siege Tank  
  93  8:31  Marine  
  93  8:33  Missile Turret  
  94  8:35  SCV  
  94  8:40  Marine x2, Marauder  
  99  8:41  SCV  
  99  8:45  SCV  
  99  8:47  SCV  
  102  8:50  Viking  
  102  8:51  Marine  
  102  8:53  SCV  
  102  8:55  Viking  
  108  8:58  SCV  
  108  9:01  Marauder  
  108  9:02  Marine  
  114  9:03  Marauder, SCV  
  114  9:05  Siege Tank  
  118  9:10  Supply Depot, Barracks Reactor  
  118  9:11  Barracks Tech Lab  
  118  9:13  Supply Depot, SCV  
  118  9:14  SCV  
  120  9:18  Marine  
  120  9:19  SCV  
  120  9:23  Marauder  
  123  9:26  SCV  
  109  9:36  Marine x2  
  109  9:37  Marauder  
  93  9:38  Siege Tank  
  93  9:44  Marine, Marauder  
  93  9:46  SCV, Viking x2  
  93  9:48  SCV  
  93  9:50  Marine x2  
  102  9:52  SCV  
  102  9:54  Marine  
  102  9:56  Ghost Academy  
  102  9:58  Marauder, SCV, Marine  
  107  10:00  SCV  
  107  10:03  Marauder  
  107  10:05  Marine, SCV  
  112  10:09  Marine x2  
  112  10:10  SCV  
  112  10:12  SCV  
  119  10:17  SCV  
  119  10:21  Marine  
  124  10:22  Marine  
  124  10:24  SCV  
  124  10:27  Ghost x2  
  127  10:28  Ghost  
  127  10:29  Marine x2  
  127  10:32  SCV x2  
  127  10:34  Supply Depot  
  130  10:36  Medivac  
  130  10:41  Refinery  
  130  10:42  Refinery  
  132  10:47  Marine  
  133  10:51  Marine  
  133  10:54  Siege Tank  
  133  10:56  Marauder x2  
  140  10:58  Marauder  
  140  11:00  Marine  
  140  11:01  Marine  
  143  11:04  Marine  
  143  11:07  Supply Depot  
  143  11:09  Marine  
  145  11:18  Marine x2, Marauder x2  
  146  11:19  Marauder  
  149  11:28  Marine x2  
  149  11:31  Armory  
  149  11:32  Supply Depot x2  
  151  11:33  Engineering Bay  
  151  11:39  Marauder  
  140  11:41  Marine x2  
  140  11:42  Marauder  
  125  11:47  Marine x2  
Show
View Real Time Build Order
Export as new Build Order

Cyan Protoss 

Build Orders: 1 Gate Expand, Colossus Rush 

Get SALT Encoding   

  12  0:00  Probe  
  13  0:12  Probe  
  14  0:18  Pylon  
  14  0:24  Probe (Chrono Boost)  
  15  0:36  Gateway, Probe (Chrono Boost)  
  16  0:45  Probe (Chrono Boost)  
  16  0:46  Assimilator  
  17  0:50  Probe  
  18  1:03  Probe  
  19  1:15  Probe  
  20  1:24  Cybernetics Core  
  20  1:31  Nexus  
  20  1:35  Probe  
  21  1:42  Pylon  
  21  1:47  Probe  
  21  1:50  Assimilator  
  22  1:58  Adept (Chrono Boost)  
  22  1:59  Probe  
  25  2:01  Warp Gate  
  25  2:11  Probe  
  26  2:19  Adept (Chrono Boost)  
  28  2:23  Probe  
  29  2:32  Robotics Facility  
  29  2:39  Probe (Chrono Boost)  
  29  2:43  Adept  
  32  2:45  Probe (Chrono Boost)  
  34  2:54  Probe x2 (Chrono Boost)  
  35  3:01  Probe  
  35  3:02  Gateway  
  35  3:03  Gateway  
  36  3:08  Probe  
  37  3:15  Warp Prism (Chrono Boost), Probe  
  40  3:23  Probe  
  41  3:27  Pylon  
  41  3:28  Probe  
  42  3:36  Probe  
  42  3:41  Pylon, Probe  
  44  3:45  Observer  
  44  3:48  Probe  
  46  3:53  Probe  
  41  3:57  Assimilator  
  41  4:00  Stalker x2  
  41  4:01  Stalker  
  47  4:04  Probe  
  49  4:10  Probe  
  49  4:11  Robotics Bay, Observer  
  49  4:16  Pylon, Probe  
  51  4:23  Probe  
  52  4:25  Stalker x2  
  52  4:28  Stalker  
  52  4:30  Probe  
  59  4:35  Assimilator, Probe  
  60  4:39  Observer  
  62  4:45  Probe  
  62  4:50  Probe  
  62  4:52  Pylon, Observer  
  63  5:01  Colossus (Chrono Boost)  
  69  5:14  Extended Thermal Lance (Chrono Boost)  
  69  5:18  Forge  
  69  5:21  Nexus  
  69  5:30  Twilight Council  
  69  5:38  Zealot x3  
  69  5:39  Shield Battery  
  75  5:53  Gateway  
  75  5:56  Pylon  
  75  6:02  Colossus  
  63  6:16  Stalker x3  
  69  6:19  Charge (Chrono Boost)  
  69  6:21  Probe  
  69  6:25  Protoss Ground Weapons Level 1 (Chrono Boost)  
  70  6:27  Probe  
  70  6:29  Nexus  
  70  6:31  Pylon  
  70  6:34  Probe  
  70  6:35  Pylon  
  70  6:45  Gateway  
  70  6:47  Gateway  
  70  6:49  Gateway  
  70  6:52  Zealot, Sentry  
  70  6:53  Zealot  
  76  7:06  Colossus (Chrono Boost)  
  76  7:07  Observer  
  76  7:13  Shield Battery  
  82  7:17  Templar Archives  
  82  7:20  Gateway  
  82  7:21  Gateway  
  80  7:24  Zealot, Sentry  
  80  7:29  Zealot  
  86  7:32  Zealot  
  86  7:37  Shield Battery  
  88  7:48  Stalker, Sentry  
  88  7:50  Zealot x2  
  90  7:52  Zealot  
  90  7:58  Zealot x2  
  95  8:06  Warp Prism, Blink, Observer  
  95  8:07  Protoss Ground Armor Level 1 (Chrono Boost)  
  77  8:15  Observer  
  77  8:17  Probe x2  
  77  8:18  Probe  
  80  8:23  High Templar x2  
  80  8:25  Zealot  
  86  8:27  Archon  
  86  8:31  Zealot x2, Observer  
  90  8:34  Zealot  
  92  8:45  High Templar  
  92  8:46  High Templar, Zealot x2  
  99  8:50  Archon  
  99  9:01  Zealot x5  
  109  9:12  Zealot x2  
  113  9:19  Zealot x2  
  113  9:22  Pylon  
  113  9:23  Pylon  
  117  9:25  Pylon  
  77  9:45  Zealot x4, Sentry  
  65  9:46  Zealot x4  
  65  9:47  Colossus (Chrono Boost)  
  82  9:53  Probe x2  
  82  9:54  Probe  
  85  10:07  High Templar x2  
  85  10:09  Zealot x2, Sentry  
  85  10:11  Archon, Zealot  
  97  10:14  Zealot  
  97  10:21  Stalker  
  101  10:24  Stalker  
  103  10:31  Colossus (Chrono Boost)  
  103  10:33  Probe x2  
  103  10:34  Probe  
  112  10:36  Assimilator  
  112  10:38  Stalker  
  114  10:42  Stalker  
  114  10:44  Zealot  
  114  10:46  Probe  
  114  10:49  Assimilator  
  119  10:57  Stalker x2  
  123  11:01  Probe  
  124  11:09  Nexus  
  124  11:10  Robotics Facility  
  118  11:19  Disruptor  
  115  11:28  Zealot  
  115  11:29  Zealot x4  
  115  11:32  Zealot x3  
  125  11:33  Zealot  
Tags
 
Add a new tag
Caveats
  • Supply blocks, unpowered buildings, or Contaminate may cause inaccurate times.
  • Supply counts are checked every 10 seconds.